 Dungeon Crawl Stone Soup version 0.28.0-45-g0d030f2227 (webtiles) character file.

Game seed: 16630151761153549284

98 H0rd4k the Magician (level 4, -4/24 HPs)
             Began as a Deep Elf Hedge Wizard on Apr 19, 2022.
             Slain by an iguana (14 damage)
             ... on level 3 of the Dungeon.
             The game lasted 00:02:51 (3890 turns).

H0rd4k the Magician (Deep Elf Hedge Wizard)         Turns: 3890, Time: 00:02:52

Health: -4/24      AC:  2    Str:  7    XL:     4   Next: 44%
Magic:  6/14       EV: 13    Int: 21    God:
Gold:   98         SH:  0    Dex: 14    Spells: 6/15 levels left

rFire   . . .      SeeInvis .   a - +0 dagger
rCold   . . .      Faith    .   (no shield)
rNeg    . . .      Spirit   .   b - +0 robe
rPois   .          Reflect  .   c - +0 hat
rElec   .          Harm     +   i - scarf {harm}
rCorr   .          Rampage  .   (no gloves)
Will    .....                   (no boots)
Stlth   ++........              (no amulet)
HPRegen 0.08/turn               (no ring)
MPRegen 0.14/turn               (no ring)

@: very slightly contaminated
A: no striking features
a: no special abilities


You were on level 3 of the Dungeon.
You visited 1 branch of the dungeon, and saw 3 of its levels.

You collected 98 gold pieces.

Inventory:

Hand Weapons
 a - a +0 dagger (weapon)
Armour
 b - a +0 robe (worn)
 c - a +0 hat (worn)
 i - a scarf of harm (worn)
Scrolls
 e - a scroll of teleportation {unknown}
 f - a scroll of blinking {unknown}
 g - 4 scrolls of identify {unknown}
Potions
 d - 3 potions of curing {unknown}
 h - a potion of berserk rage {unknown}
 j - a potion of cancellation {unknown}


   Skills:
 + Level 3.0 Dodging
 - Level 2.4 Stealth
 + Level 6.2 Spellcasting
 + Level 1.6 Conjurations
 + Level 1.1 Summonings
 + Level 1.1 Translocations
 * Level 0.3 Fire Magic
 * Level 0.5 Air Magic
 * Level 1.3 Poison Magic


You had 6 spell levels left.
You knew the following spells:

 Your Spells              Type           Power      Damage    Failure   Level
a - Magic Dart            Conj           52%        1d5       4%          1
b - Blink                 Tloc           22%        N/A       10%         2
c - Conjure Flame         Conj/Fire      10%        6-21      19%         3
d - Mephitic Cloud        Conj/Pois/Air  11%        N/A       17%         3

Your spell library contained the following spells:

 Spells                   Type           Power      Damage    Failure   Level
 Slow                     Hex            24%        N/A       10%         1
 Call Imp                 Summ           11%        N/A       10%         2


Dungeon Overview and Level Annotations

Branches:
Dungeon (3/15)

Altars:


Message History

You kill the frilled lizard!
You can't see any susceptible monsters within range! (Use Z to cast anyway.)
You can't see any susceptible monsters within range! (Use Z to cast anyway.)
You can't see any susceptible monsters within range! (Use Z to cast anyway.)
j - a viscous amethyst potion
d - 3 metallic coppery potions (gained 2)
An iguana comes into view.
An iguana is nearby!
The magic dart hits the iguana.
The iguana is lightly wounded.
The iguana hisses angrily.
The magic dart hits the iguana but does no damage.
The iguana is lightly wounded.
The magic dart hits the iguana.
The iguana is moderately wounded.
The magic dart hits the iguana but does no damage.
The iguana is moderately wounded.
The magic dart hits the iguana but does no damage.
The iguana is moderately wounded.
The magic dart hits the iguana.
The iguana is heavily wounded.
The magic dart hits the iguana.
The iguana is severely wounded.
You miscast Magic Dart.
You are very lightly contaminated with residual magic.
Nothing appears to happen.
The iguana bites you!
Ouch! That really hurt!
You are too injured to fight recklessly!
You are too injured to fight recklessly!
You are too injured to fight recklessly!
Casting: Magic Dart (safe; 4% risk of failure)
Confirm with . or Enter, or press ? or * to list all spells.
Aiming: Magic Dart (safe; 4% risk of failure)
Press: ? - help, Shift-Dir - straight line, f/p - iguana
Aim: an iguana (severely wounded, 100% to hit)
The magic dart hits the iguana but does no damage.
The iguana is severely wounded.
The iguana bites you!
Ouch! That really hurt!
You die...

#.............##..###.#
#.....
############......# #.#
###### #####.## #.# #.#
#.# #.# #.# ########.#
......l@.#
................
################


You could see an iguana.

Vanquished Creatures
  4 adders
  2 worms (D:2)
  A dart slug (D:2)
  3 ball pythons
  6 bats
  8 endoplasms
  A giant cockroach (D:3)
  5 goblins
  6 hobgoblins
  5 kobolds
  6 frilled lizards
  6 rats
53 creatures vanquished.

Notes
Turn   | Place    | Note
-------+----------+-------------------------------------------
     0 | D:1      | H0rd4k the Deep Elf Hedge Wizard began the quest for the
                  | Orb.
     0 | D:1      | Reached XP level 1. HP: 10/10 MP: 7/7
   464 | D:1      | Reached skill level 5 in Spellcasting
   658 | D:1      | Reached XP level 2. HP: 15/15 MP: 1/10
  1674 | D:1      | Reached XP level 3. HP: 19/19 MP: 10/12
  1772 | D:1      | Learned a level 2 spell: Blink
  1776 | D:1      | Learned a level 3 spell: Conjure Flame
  1780 | D:1      | Learned a level 3 spell: Mephitic Cloud
  1960 | D:2      | Found a faded altar of an unknown god.
  2003 | D:2      | Reached skill level 1 in Poison Magic
  2763 | D:2      | Reached skill level 6 in Spellcasting
  3274 | D:2      | Reached XP level 4. HP: 24/24 MP: 10/14
  3890 | D:3      | Slain by an iguana

Illustrated notes

Levels and vault maps discovered:
D:1:      lightli_arrival_quake, layout_basic, minmay_pentomino_v2
D:2:      minmay_chambers_of_ones, layout_basic, serial_forest,
          infiniplex_forest_straight_5, infiniplex_forest_straight_2,
          infiniplex_forest_straight_1, infiniplex_forest_lined_3,
          infiniplex_forest_lined_3, infiniplex_forest_lined_room_2,
          infiniplex_forest_clump_small, infiniplex_forest_clump_medium,
          infiniplex_forest_end_1, chequers_ecumenical_altar_simple_redux
D:3:      layout_basic

Skill      XL: |  1  2  3 |
---------------+----------+-----
Spellcasting   | 5 6 |  6.2
Dodging        | 3 |  3.0
Poison Magic   | 1 |  1.3
Stealth        | |  2.4
Conjurations   | |  1.6
Summonings     | |  1.1
Translocations | |  1.1
Fire Magic     | |  0.3
Air Magic      | |  0.5

Action                   |  1- 3 |  4- 6 || total
-------------------------+-------+-------++-------
Melee: Dagger            |    16 |       ||    16
 Cast: Magic Dart        |   125 |    35 ||   160
Armor: Robe              |    22 |     1 ||    23
Dodge: Dodged            |    32 |     2 ||    34
